[Event "Betsys MČR v online bleskovém šachu 2021"]
[Site "Chess.com"]
[Date "2021.04.17"]
[Round "6"]
[White "Sunnika"]
[Black "Mitram64"]
[Result "0-1"]
[WhiteElo "2304"]
[BlackElo "2068"]
[TimeControl "180+1"]
[EndTime "9:57:17 PDT"]
[Termination "Uživatel Mitram64 zvítězil matem"]

1. d4 Nf6 2. c4 c5 3. d5 e5 4. Nc3 d6 5. e4 Be7 6. f4 exf4 7. Bxf4 O-O 8. Bd3 Nbd7 9. Nf3 Ne8 10. O-O Bf6 11. Qd2 Ne5 12. Nxe5 Bxe5 13. Rae1 Bd7 14. Bg5 f6 15. Bh4 Nc7 16. Nd1 b5 17. Ne3 Rb8 18. Kh1 bxc4 19. Nxc4 Nb5 20. Nxe5 dxe5 21.
Rc1 Rc8 22. Bf2 Nd4 23. Rc3 Qb6 24. Rfc1 Rc7 25. Bc4 Qd6 26. a3 Rb7 27. Ba2 Rfb8 28. Rb1 Ba4 29. h3 Bb3 30. Bxb3 Rxb3 31. Kh2 Qb6 32. Rxb3 Qxb3 33. Be1 h6 34. Rc1 Qxb2 35. Qxb2 Rxb2 36. Rxc5 Nf3+ 37. Kg3 Nxe1 38. d6 Rd2 39.
Rc8+ Kf7 40. Rc7+ Kg6 41. Rxa7 Rxg2+ 42. Kh4 Nf3# 0-1

[Event "Betsys MČR v online bleskovém šachu 2021"]
[Site "Chess.com"]
[Date "2021.04.17"]
[Round "6"]
[White "kecalk"]
[Black "Lisak007"]
[Result "1-0"]
[WhiteElo "2146"]
[BlackElo "1832"]
[TimeControl "180+1"]
[EndTime "9:57:18 PDT"]
[Termination "Uživatel kecalk zvítězil na čas"]

1. g3 c5 2. Bg2 Nc6 3. c4 g6 4. Nc3 Bg7 5. e4 d6 6. d3 e5 7. Nge2 Nge7 8. O-O O-O 9. f4 f5 10. Be3 exf4 11. Nxf4 Nd4 12. Qd2 fxe4 13. Bxe4 Nef5 14.
Bd5+ Kh8 15. Rae1 Nxe3 16. Rxe3 Bh3 17. Rfe1 Qd7 18. Re7 Qg4 19. Qd1 Qg5 20. Nxh3 Qf5 21. Nf4 g5 22. Be4 Qf6 23. Ncd5 Qh6 24. Nh5 Be5 25. Rxh7+ Qxh7 26. Bxh7 Nf3+ 27. Kg2 Nxe1+ 28. Qxe1 Kxh7 29. Qe4+ Kh6 30. Ne7 Rf6 31. Nxf6 1-0

[Event "Betsys MČR v online bleskovém šachu 2021"]
[Site "Chess.com"]
[Date "2021.04.17"]
[Round "6"]
[White "Akdub"]
[Black "youhy"]
[Result "1-0"]
[WhiteElo "2094"]
[BlackElo "1777"]
[TimeControl "180+1"]
[EndTime "9:57:18 PDT"]
[Termination "Uživatel Akdub zvítězil na čas"]

1. e4 e6 2. d4 d5 3. Nd2 c5 4. exd5 Qxd5 5. Ndf3 cxd4 6. Nxd4 e5 7. Nb5 Qxd1+ 8. Kxd1 Na6 9. Be3 b6 10. Nf3 f6 11.
Bc4 Bb7 12. Ke2 Nh6 13. Bxh6 gxh6 14. Rad1 Rc8 15. b3 Nb4 16. c3 Nc6 17. Nd6+ Bxd6 18. Rxd6 Rf8 19. Rhd1 Rd8 20. Re6+ Ne7 21. Rxd8+ Kxd8 22. Nd2 Re8 23. f3 Kc7 24. Ne4 Bxe4 25. fxe4 1-0

[Event "Betsys MČR v online bleskovém šachu 2021"]
[Site "Chess.com"]
[Date "2021.04.17"]
[Round "6"]
[White "Richarlito"]
[Black "KarelZalesky"]
[Result "1-0"]
[WhiteElo "2025"]
[BlackElo "1587"]
[TimeControl "180+1"]
[EndTime "9:57:18 PDT"]
[Termination "Uživatel Richarlito zvítězil na čas"]

1. e4 c5 2. c3 d6 3. d4 cxd4 4. cxd4 Nf6 5. Nc3 a6 6. Nf3 e6 7.
Bd3 Be7 8. O-O Nc6 9. Bg5 h6 10.
Bh4 g5 11. Bg3 g4 12. Nd2 Nxd4 13. e5 dxe5 14. Bxe5 Nc6 15. Nc4 Nxe5 16. Nxe5 h5 17. Qc2 Qc7 18. Rfe1 b5 19. Bg6 Bd6 20. Nxf7 Ke7 21.
Nxd6 Qxd6 22. Rad1 Qb6 23. Qd2 Rd8 24. Qh6 Rg8 25.
Qg5 Bb7 26. Nd5+ Bxd5 27. Rxd5 Rad8 28. Rde5 Rd6 29. Rf5 Rf8 30. Bxh5 Kd7 31. Qg7+ 1-0

[Event "Betsys MČR v online bleskovém šachu 2021"]
[Site "Chess.com"]
[Date "2021.04.17"]
[Round "6"]
[White "Lukuluss88"]
[Black "povrlak60"]
[Result "1-0"]
[WhiteElo "2022"]
[BlackElo "1618"]
[TimeControl "180+1"]
[EndTime "9:57:18 PDT"]
[Termination "Uživatel Lukuluss88 zvítězil na čas"]

1. c4 Nf6 2. Nc3 d6 3. g3 g6 4. Bg2 c6 5. e4 Bg7 6. d3 O-O 7. Nge2 Bg4 8. f3 Be6 9. O-O d5 10. cxd5 cxd5 11. e5 Nfd7 12. d4 Nc6 13. f4 Bg4 14. h3 Bxe2 15. Nxe2 e6 16. Rb1 Nb6 17. b3 Rc8 18. Ba3 Re8 19. Bc5 Nd7 20. Ba3 Bf8 21.
Bb2 Nb6 22. Rc1 Nb4 23. a3 Rxc1 24. Qxc1 Nd3 25. Qc3 Nxb2 26. Qxb2 Qe7 27. b4 Rc8 28. Rc1 Rxc1+ 29. Qxc1 Nc4 30. Bf1 b5 31. Nc3 a6 32.
Bxc4 dxc4 33. Qe3 Qb7 34. Qe4 Qxe4 35. Nxe4 Be7 36. Kf2 Kf8 37. Ke3 h6 38. Nc3 Ke8 39.
Ke4 Kd7 40. d5 Bd8 41. a4 bxa4 42. Nxa4 Kc7 43. Kd4 Kb7 44. Kxc4 a5 45. bxa5 Bxa5 46. dxe6 fxe6 47. Nc5+ Kc6 48. Nxe6 Be1 49. g4 Bg3 50. Kd4 Kd7 51. Nf8+ Ke7 52. Nxg6+ Kf7 53. f5 1-0

[Event "Betsys MČR v online bleskovém šachu 2021"]
[Site "Chess.com"]
[Date "2021.04.17"]
[Round "6"]
[White "Emicka1330"]
[Black "Zelezny1984"]
[Result "0-1"]
[WhiteElo "1640"]
[BlackElo "2050"]
[TimeControl "180+1"]
[EndTime "9:57:18 PDT"]
[Termination "Uživatel Zelezny1984 zvítězil po vzdání soupeře"]

1. e4 c5 2. Nc3 Nc6 3. g3 g6 4.
Bg2 Bg7 5. d3 Rb8 6. Be3 b5 7.
Bxc5 b4 8. Nce2 Qa5 9. Be3 Bxb2 10. Rb1 Qxa2 11. Nf3 Bg7 12. O-O Qa6 13. Qd2 e6 14.
c3 b3 15. Ned4 Qa2 16. Nxc6 Qxd2 17. Bxd2 dxc6 18. d4 Ba6 19. Rfe1 Bd3 20. Ra1 b2 21. Rab1 Ne7 22. Bf1 Bxb1 23. Rxb1 O-O 24. c4 Rfd8 25.
Bc3 c5 26. Rxb2 Rxb2 27. Bxb2 cxd4 28. Bxd4 Bxd4 29. Be2 Bc5 30. Kg2 a5 31. Ne5 a4 32.
Nd3 Bd6 33. c5 Bc7 34. Nb4 a3 35. Kf3 Ra8 36. Na2 Nc6 37. Bb5 Nd4+ 0-1

[Event "Betsys MČR v online bleskovém šachu 2021"]
[Site "Chess.com"]
[Date "2021.04.17"]
[Round "6"]
[White "JonasFadrny"]
[Black "VOJTASEK2009"]
[Result "0-1"]
[WhiteElo "756"]
[BlackElo "1281"]
[TimeControl "180+1"]
[EndTime "9:57:19 PDT"]
[Termination "Uživatel VOJTASEK2009 zvítězil matem"]

1. e4 e5 2. Nf3 Nc6 3. Nc3 Bb4 4. Bc4 d6 5. d3 h6 6. a3 Bc5 7. b4 Nxb4 8. axb4 Bxb4 9. Qd2 Nf6 10. Ba3 Bxa3 11. Rxa3 Be6 12. Bxe6 fxe6 13. Rb3 b6 14. O-O O-O 15. Nh4 Ng4 16. Ng6 Rf7 17. h3 Nf6 18. Ne2 Kh7 19. Nh4 Nh5 20. Ng3 Qxh4 21. Rbb1 Nxg3 22.
fxg3 Rxf1+ 23. Kxf1 Rf8+ 24. Kg1 Qxg3 25. Rf1 Rxf1+ 26.
Kxf1 Qf4+ 27. Qxf4 exf4 28. Kf2 e5 29. g3 fxg3+ 30.
Kxg3 Kg6 31. Kf2 Kg5 32. Ke1 Kh4 33. Kd2 Kxh3 34. Kc3 g5 35. Kb4 c6 36. Kc3 g4 37.
Kd2 g3 38. Kc3 g2 39. Kc4 g1=Q 40. c3 Qb1 41. d4 b5# 0-1

[Event "Betsys MČR v online bleskovém šachu 2021"]
[Site "Chess.com"]
[Date "2021.04.17"]
[Round "6"]
[White "Miky2610"]
[Black "Honzik1950"]
[Result "1-0"]
[WhiteElo "1826"]
[BlackElo "1507"]
[TimeControl "180+1"]
[EndTime "9:57:20 PDT"]
[Termination "Uživatel Miky2610 zvítězil na čas"]

1. c4 a6 2. Nc3 e5 3. g3 Nc6 4. Bg2 Nf6 5. e3 d6 6. Nge2 Be6 7. b3 Be7 8. Bb2 O-O 9. O-O Qc8 10. d4 exd4 11.
exd4 Bh3 12. d5 Bxg2 13. Kxg2 Ne5 14. Re1 Qg4 15. Ng1 Qxd1 16. Raxd1 Rfe8 17. f4 Ned7 18. Nf3 Bf8 19. h3 Rxe1 20. Rxe1 Re8 21. Rxe8 Nxe8 22.
Ne4 g6 23. g4 Bg7 24. Bxg7 Kxg7 25. g5 f6 26. h4 f5 27. Ng3 Nc5 28. h5 Nd3 29.
h6+ Kf7 30. Ne2 Nb4 31. a3 Nd3 32. Kg3 c6 33. dxc6 bxc6 34. Nfd4 c5 35. Nc2 Nc7 36. Ne3 Ne6 37. Nd5 a5 38. Nf6 Nf8 39. Nd5 Ke6 40. Kf3 Kd7 41. Nf6+ Kc6 42. Nc3 Kb6 43. Ncd5+ Kc6 44.
Ne7+ 1-0

[Event "Betsys MČR v online bleskovém šachu 2021"]
[Site "Chess.com"]
[Date "2021.04.17"]
[Round "6"]
[White "Tlaskin"]
[Black "Toman_26"]
[Result "1-0"]
[WhiteElo "1367"]
[BlackElo "1020"]
[TimeControl "180+1"]
[EndTime "9:57:20 PDT"]
[Termination "Uživatel Tlaskin zvítězil matem"]

1. e4 c5 2. Nf3 d6 3. d4 cxd4 4. Nxd4 Nf6 5. Nc3 g6 6. Be3 Bg7 7. Bc4 O-O 8. Qd2 Nc6 9. O-O-O Bd7 10. Bb3 Rc8 11. f3 a6 12. g4 b5 13. h4 Ne5 14. h5 Nc4 15. Qf2 Qa5 16. hxg6 fxg6 17.
Bh6 Rf7 18. Bxg7 Rxg7 19. g5 Nh5 20. Rh2 e5 21. Nde2 Rc6 22. Qa7 Qc7 23. Qa8+ Qc8 24.
Qxc8+ Bxc8 25. Nd5 Kf8 26. Nf6 Nxf6 27. gxf6 Rf7 28.
Nc3 Rxf6 29. Rxh7 Kg8 30. Rdh1 Be6 31. Rh8+ Kf7 32. R1h7# 1-0

[Event "Betsys MČR v online bleskovém šachu 2021"]
[Site "Chess.com"]
[Date "2021.04.17"]
[Round "6"]
[White "jarda1955"]
[Black "Bolavey_Kotnik"]
[Result "0-1"]
[WhiteElo "1985"]
[BlackElo "2337"]
[TimeControl "180+1"]
[EndTime "9:57:21 PDT"]
[Termination "Uživatel Bolavey_Kotnik zvítězil na čas"]

1. d4 Nf6 2. c4 d6 3. Nf3 Nbd7 4.
Nc3 e5 5. Bg5 Be7 6. dxe5 dxe5 7. e3 O-O 8. Be2 c6 9. O-O Qc7 10. Qc2 h6 11. Bh4 a5 12. Rad1 Re8 13. Rfe1 Nc5 14. h3 b6 15. Bg3 Bf8 16. Nd2 Nh7 17. Nb3 Ng5 18. Nxc5 Bxc5 19. Bd3 Qe7 20. Ne4 Bb4 21.
Re2 f5 22. Nxg5 Qxg5 23. a3 Bc5 24. Red2 f4 25. Bh7+ Kh8 26. exf4 exf4 27. Bg6 Rf8 28. h4 Qxg3 29. b4 f3 0-1

[Event "Betsys MČR v online bleskovém šachu 2021"]
[Site "Chess.com"]
[Date "2021.04.17"]
[Round "6"]
[White "Z_u_z_i"]
[Black "mysacek1414"]
[Result "0-1"]
[WhiteElo "1541"]
[BlackElo "1856"]
[TimeControl "180+1"]
[EndTime "9:57:21 PDT"]
[Termination "Uživatel mysacek1414 zvítězil matem"]

1. e4 c5 2. Nc3 e6 3. g3 Nc6 4. Bg2 g6 5. d3 Bg7 6. f4 d6 7. Nge2 Nge7 8. O-O O-O 9. Qe1 a6 10. g4 f5 11. gxf5 exf5 12. Ng3 Nd4 13. Qd1 Rb8 14.
Be3 b5 15. Rb1 Bb7 16. Nce2 Qc7 17. c3 Nxe2+ 18. Qxe2 b4 19. Rfc1 Qd7 20. cxb4 cxb4 21. Rc2 Rfc8 22. Rbc1 a5 23. Rxc8+ Rxc8 24. Rxc8+ Qxc8 25. Bh3 a4 26. d4 b3 27. axb3 axb3 28. e5 dxe5 29. fxe5 Qc2 30. Qxc2 bxc2 31. Kf1 Nc6 32. Ke1 Nxd4 33. Kd2 Bxe5 34. Kc1 Be4 35. Bf1 Nb3# 0-1

[Event "Betsys MČR v online bleskovém šachu 2021"]
[Site "Chess.com"]
[Date "2021.04.17"]
[Round "6"]
[White "CzechMerlin"]
[Black "Maty_2010"]
[Result "1-0"]
[WhiteElo "1666"]
[BlackElo "992"]
[TimeControl "180+1"]
[EndTime "9:57:21 PDT"]
[Termination "Uživatel CzechMerlin zvítězil na čas"]

1. d4 d5 2. c4 dxc4 3. Nc3 e5 4. d5 Nf6 5. e4 Bc5 6. Bxc4 Ng4 7. Nh3 Na6 8. Bg5 Qd7 9. a3 O-O 10. f3 Nh6 11.
Bxh6 gxh6 12. Qd2 Qd6 13. O-O-O Bd7 14. f4 Bd4 15. Ne2 Bc5 16. Nc3 Bg4 17. Rdf1 Bxh3 18. gxh3 exf4 19. Rxf4 Qb6 20. Rg4+ Kh8 21. Na4 Qf6 22.
Rf4 Qg5 23. Nxc5 Nxc5 24. Rhf1 Rae8 25. Qd4+ Kg8 26. Qxc5 b6 27. Qf2 Re7 28. Rg1 1-0

[Event "Betsys MČR v online bleskovém šachu 2021"]
[Site "Chess.com"]
[Date "2021.04.17"]
[Round "6"]
[White "horvi1"]
[Black "FutureFideMasseur"]
[Result "0-1"]
[WhiteElo "2233"]
[BlackElo "2441"]
[TimeControl "180+1"]
[EndTime "9:57:22 PDT"]
[Termination "Uživatel FutureFideMasseur zvítězil po vzdání soupeře"]

1. Nf3 d5 2. c4 d4 3. e3 Nc6 4. exd4 Nxd4 5. Nc3 Nh6 6. d3 Nhf5 7. Nxd4 Nxd4 8. Be3 g6 9. Be2 Bg7 10. O-O O-O 11. Rc1 c6 12. b4 Bf5 13. Ne4 a5 14. a3 axb4 15. axb4 Ra2 16. Bf3 Nxf3+ 17. Qxf3 Qxd3 18. Nc5 Qa3 19. Nxb7 Qxb4 20. Qxc6 Rc8 21.
Qf3 h5 22. c5 Be4 23. Qh3 Qxb7 24. c6 Rxc6 25. Rcd1 Rc8 26. Rd7 Rc7 27. Rd8+ Kh7 28. f3 Bf5 29. Qg3 Rcc2 30. Bf2 Bf6 31. h4 Qb5 32. Rf8 Kg7 33. Rd8 Bd3 0-1

[Event "Betsys MČR v online bleskovém šachu 2021"]
[Site "Chess.com"]
[Date "2021.04.17"]
[Round "6"]
[White "rolkento"]
[Black "Classemence"]
[Result "1-0"]
[WhiteElo "2244"]
[BlackElo "1925"]
[TimeControl "180+1"]
[EndTime "9:57:22 PDT"]
[Termination "Uživatel rolkento zvítězil matem"]

1. e4 c5 2. c3 Nc6 3. f4 d5 4. e5 Bf5 5. Nf3 e6 6. d4 Be7 7. Be3 cxd4 8. Nxd4 Nxd4 9. Bxd4 Bh4+ 10. g3 Be4 11.
Bb5+ Kf8 12. O-O Be7 13. Nd2 f5 14. exf6 Nxf6 15. Qe2 h5 16. Rad1 Qc7 17. Bxf6 gxf6 18.
Nxe4 dxe4 19. Bc4 Qb6+ 20. Kg2 e3 21. f5 e5 22. Bd5 h4 23. Rd3 h3+ 24. Kh1 Rd8 25.
Rfd1 Rd6 26. Be4 Kf7 27. Rxd6 Bxd6 28. Qg4 Rg8 29. Bd5+ Ke7 30. Qxg8 Qxb2 31. Qe6+ Kd8 32. Qxd6+ Kc8 33. Be6# 1-0

[Event "Betsys MČR v online bleskovém šachu 2021"]
[Site "Chess.com"]
[Date "2021.04.17"]
[Round "6"]
[White "Figo5144"]
[Black "pudltomik"]
[Result "1-0"]
[WhiteElo "578"]
[BlackElo "745"]
[TimeControl "180+1"]
[EndTime "9:57:23 PDT"]
[Termination "Uživatel Figo5144 zvítězil na čas"]

1. e4 d6 2. d4 Nc6 3. d5 Nb4 4. c3 Na6 5. Be3 c5 6. Nd2 e6 7. Ngf3 e5 8. Bd3 f6 9. O-O g6 10. h3 h5 11. Qc2 Nc7 12. a4 Bd7 13. b3 a6 14. Kh1 g5 15. h4 g4 16. Nh2 Bh6 17.
Bxh6 Nxh6 18. g3 Nf7 19. f3 a5 20. f4 exf4 21. gxf4 O-O 22. f5 Ne5 23. Be2 b6 24. Rg1 Kh8 25. Rg2 b5 26. Rag1 c4 27. bxc4 bxc4 28.
Bxg4 Rb8 29. Bxh5 Be8 30. Qd1 1-0

[Event "Betsys MČR v online bleskovém šachu 2021"]
[Site "Chess.com"]
[Date "2021.04.17"]
[Round "6"]
[White "JaraLinhart"]
[Black "NikolaKusova"]
[Result "1-0"]
[WhiteElo "1676"]
[BlackElo "1011"]
[TimeControl "180+1"]
[EndTime "9:57:24 PDT"]
[Termination "Uživatel JaraLinhart zvítězil matem"]

1. e4 e5 2. Nf3 Nc6 3. Bb5 Bc5 4. c3 d6 5. d4 exd4 6. cxd4 Bb4+ 7. Nc3 Bxc3+ 8.
bxc3 Nf6 9. Qd3 O-O 10. O-O Re8 11. Re1 d5 12. e5 Ng4 13. h3 Nh6 14. Bxh6 gxh6 15. Nh2 Kh8 16. Ba4 Rg8 17. Re3 Qg5 18.
Rg3 Qd8 19. Bc2 Rg7 20. Rxg7 Kxg7 21. Qxh7+ Kf8 22. Ng4 Ke7 23. Nf6 Ke6 24. Re1 Bd7 25.
Nxd7 Kxd7 26. Qxf7+ Kc8 27. Bf5+ Kb8 28. e6 Qe7 29. Bg4 Qxf7 30. exf7 Nd8 31. f8=Q a6 32.
Qxd8+ Ka7 33. Qxc7 Rb8 34. Bc8 Ka8 35. Re7 Ka7 36.
Bxb7 Rxb7 37. Qxb7# 1-0

[Event "Betsys MČR v online bleskovém šachu 2021"]
[Site "Chess.com"]
[Date "2021.04.17"]
[Round "6"]
[White "VildaSt"]
[Black "Sorcercream"]
[Result "0-1"]
[WhiteElo "1290"]
[BlackElo "1215"]
[TimeControl "180+1"]
[EndTime "9:57:24 PDT"]
[Termination "Uživatel Sorcercream zvítězil matem"]

1. e4 e5 2. Nf3 Nc6 3. d4 exd4 4.
Nxd4 Bc5 5. Be3 Qf6 6. c3 Bb6 7. b4 d6 8. a4 a6 9. Na3 Be6 10. Nc4 Ba7 11. b5 axb5 12. axb5 Nge7 13. bxc6 Nxc6 14.
Nxc6 Qxc3+ 15. Bd2 Bxf2+ 16. Kxf2 Qxa1 17. Qxa1 Rxa1 18. N6a5 b6 19. Nb3 Rxf1+ 20. Rxf1 Bxc4 21. Nd4 Bxf1 22. Kxf1 Kd7 23. Nf5 g6 24. Ne3 Ke6 25. Bc3 Ra8 26. Kf2 Ra2+ 27. Kf3 f5 28. exf5+ gxf5 29. Bg7 h5 30. h3 Ra4 31. Bh6 b5 32. Bf4 b4 33.
g4 fxg4+ 34. hxg4 hxg4+ 35. Kxg4 b3 36. Nd1 Rd4 37. Nb2 c5 38. Kf3 Kd5 39. Be3 Rh4 40. Kg3 Re4 41. Kf3 c4 42. Bd2 Kd4 43. Ba5 c3 44. Bxc3+ Kxc3 45. Na4+ Rxa4 46. Ke2 b2 47. Ke3 b1=Q 48. Kf3 Qe1 49. Kg2 Kd3 50. Kf3 Qf1+ 51. Kg3 Ke3 52. Kh2 Qf4+ 53. Kg1 Ra1+ 54. Kg2 Qf3+ 55.
Kh2 Rh1# 0-1

[Event "Betsys MČR v online bleskovém šachu 2021"]
[Site "Chess.com"]
[Date "2021.04.17"]
[Round "6"]
[White "marfuss"]
[Black "honzasoucek"]
[Result "1-0"]
[WhiteElo "2032"]
[BlackElo "1625"]
[TimeControl "180+1"]
[EndTime "9:57:26 PDT"]
[Termination "Uživatel marfuss zvítězil na čas"]

1. d4 d5 2. Bf4 Nf6 3. e3 e6 4. Nf3 c5 5. c3 Nc6 6. Nbd2 Qb6 7. Qb3 c4 8. Qc2 Be7 9. Be2 O-O 10. Ne5 a5 11. a4 Qa6 12. Ndf3 b5 13. axb5 Qxb5 14.
Qa4 Qxa4 15. Rxa4 Bd7 16. Nxd7 Nxd7 17. Kd2 Nb6 18. Ra2 a4 19. Rha1 Na5 20. Bd1 Nb3+ 21. Bxb3 cxb3 22. Ra3 Nc4+ 23. Kd3 Bxa3 24. bxa3 b2 25. Rb1 Ra7 26. Nd2 Nxa3 27. Rxb2 f6 28. Bd6 Nc4 29. Nxc4 dxc4+ 30. Kxc4 Rc8+ 31. Kd3 a3 32. Ra2 Kf7 33. Rxa3 Rxa3 34. Bxa3 Ra8 35. Bc1 Ra2 36. Bd2 Ra1 37. c4 Rh1 38. g3 Rxh2 39. Ke2 Rh1 40. Kf3 Rd1 41. Ba5 Ra1 42. Bb6 Ke7 43.
c5 Kd7 44. Ke4 Kc6 45. f4 1-0

[Event "Betsys MČR v online bleskovém šachu 2021"]
[Site "Chess.com"]
[Date "2021.04.17"]
[Round "6"]
[White "Paulz64"]
[Black "jachym08"]
[Result "0-1"]
[WhiteElo "2479"]
[BlackElo "2210"]
[TimeControl "180+1"]
[EndTime "9:57:27 PDT"]
[Termination "Uživatel jachym08 zvítězil matem"]

1. d4 Nf6 2. c4 g6 3. Nc3 d5 4.
Bg5 Ne4 5. Nxe4 dxe4 6. Qd2 Bg7 7. e3 c5 8. d5 Qb6 9. Rb1 Nd7 10. Ne2 Ne5 11.
Nc3 Bf5 12. Be2 h6 13. Bh4 g5 14. Bg3 Bg6 15. O-O O-O 16. Na4 Qc7 17. a3 f5 18. Kh1 Rad8 19. Rbc1 b6 20. b4 Qd7 21. Nc3 Nf7 22. bxc5 bxc5 23. Rb1 Nd6 24. Rb3 Rf7 25. Rfb1 Rdf8 26. Bxd6 exd6 27. h3 f4 28. Bg4 Bf5 29.
Bxf5 Qxf5 30. Nb5 Be5 31. Qe2 f3 32. Qf1 fxg2+ 33. Qxg2 Qxf2 34. Qxf2 Rxf2 35. Nxa7 Rh2+ 36. Kg1 Rxh3 37. Rb7 Rff3 38. Rd7 Rfg3+ 39. Kf2 Rh2+ 40. Kf1 Rh1+ 41. Kf2 Rxb1 42. Nc6 Rb2+ 43. Kf1 Rf3+ 44. Kg1 Bh2+ 45. Kh1 Rf1# 0-1

[Event "Betsys MČR v online bleskovém šachu 2021"]
[Site "Chess.com"]
[Date "2021.04.17"]
[Round "6"]
[White "fm_magua"]
[Black "VojtechPlat"]
[Result "0-1"]
[WhiteElo "2520"]
[BlackElo "2861"]
[TimeControl "180+1"]
[EndTime "9:57:28 PDT"]
[Termination "Uživatel VojtechPlat zvítězil po vzdání soupeře"]

1. e4 c5 2. Nf3 Nc6 3. d4 cxd4 4. Nxd4 e5 5. Nb5 a6 6. N5c3 Nf6 7. Bg5 Be7 8. Bxf6 Bxf6 9. Nd5 Bg5 10. Bc4 d6 11. O-O Be6 12. Nbc3 O-O 13. a4 Nd4 14. Ne2 Rc8 15.
Nxd4 Rxc4 16. Nxe6 fxe6 17. Nc3 Rd4 18. Qg4 Qf6 19.
Rad1 Rc8 20. Rxd4 exd4 21. Ne2 Rxc2 22. Nxd4 Qxd4 23. Qxg5 Rc8 24. Qe7 Qxe4 25. h3 Qd5 26.
Re1 e5 27. Re3 Rf8 28. Rg3 g6 29. Rf3 Rxf3 30. gxf3 Qxf3 31. Qxd6 Qe4 32. Qf6 Qd5 33. Qe7 e4 34. h4 Qd1+ 35. Kh2 Qf3 36. Qe8+ Qf8 37.
Qxe4 Qxf2+ 38. Kh1 Qf7 39. a5 Qc7 40. Qe6+ Kg7 41.
Kg1 Qc1+ 42. Kf2 Qxb2+ 43. Ke3 Qc3+ 44. Ke4 Qc6+ 45. Qxc6 bxc6 46. Kd4 h6 47. Kc5 g5 48. hxg5 hxg5 49. Kb6 g4 50. Kxa6 g3 51. Kb7 g2 0-1

[Event "Betsys MČR v online bleskovém šachu 2021"]
[Site "Chess.com"]
[Date "2021.04.17"]
[Round "6"]
[White "petiva3"]
[Black "dnovotny"]
[Result "1-0"]
[WhiteElo "1406"]
[BlackElo "1739"]
[TimeControl "180+1"]
[EndTime "9:57:28 PDT"]
[Termination "Uživatel petiva3 zvítězil na čas"]

1. e4 c5 2. Ne2 Nc6 3. g3 Nf6 4. Bg2 d5 5. exd5 Nxd5 6. O-O g6 7. c3 Bg7 8. d4 cxd4 9. cxd4 Bg4 10. Nbc3 Nxd4 11.
Nxd5 Nxe2+ 12. Kh1 Nxg3+ 13. hxg3 Bxd1 14. Rxd1 Qa5 15. Bf4 O-O 16. Nxe7+ Kh8 17. Rd5 Qa4 18. Bf3 Rfd8 19.
Rxd8+ Rxd8 20. Kg2 Qb4 21. Nd5 Qxb2 22. Re1 Qxa2 23.
Nc7 Qa5 24. Re7 h5 25. Rxf7 Qa2 26. Re7 Qb3 27. Bg5 Qa3 28. Re3 Rd7 29. Rxa3 1-0

[Event "Betsys MČR v online bleskovém šachu 2021"]
[Site "Chess.com"]
[Date "2021.04.17"]
[Round "6"]
[White "Listro33"]
[Black "kominekmart"]
[Result "1-0"]
[WhiteElo "1863"]
[BlackElo "1573"]
[TimeControl "180+1"]
[EndTime "9:57:31 PDT"]
[Termination "Uživatel Listro33 zvítězil matem"]

1. d4 d6 2. Bf4 g6 3. Nf3 Bg7 4. e3 Nf6 5. Be2 O-O 6. O-O d5 7. h3 c6 8. c3 Nh5 9. Bh2 Nd7 10.
Nbd2 b5 11. a4 Ba6 12. axb5 Bxb5 13. Bxb5 cxb5 14. Qb3 Nhf6 15. Qxb5 Rb8 16. Bxb8 Nxb8 17. Rxa7 Nbd7 18. Rfa1 e6 19. Nb3 Qe7 20. Ne5 Rb8 21.
Qxb8+ Nxb8 22. Rxe7 Bf8 23. Rb7 Nfd7 24. Nxd7 Nxd7 25.
Rxd7 Bh6 26. Ra8+ Kg7 27. Raa7 Kf6 28. Rxf7+ Kg5 29. Nc5 Kh4 30. Kh2 Kg5 31. Nxe6+ Kh5 32. g4+ Kh4 33. Nf4 Bxf4+ 34. Rxf4 g5 35. Rxh7# 1-0

[Event "Betsys MČR v online bleskovém šachu 2021"]
[Site "Chess.com"]
[Date "2021.04.17"]
[Round "6"]
[White "hever99"]
[Black "svobodan"]
[Result "1-0"]
[WhiteElo "2061"]
[BlackElo "1654"]
[TimeControl "180+1"]
[EndTime "9:57:32 PDT"]
[Termination "Uživatel hever99 zvítězil na čas"]

1. e4 c5 2. Nc3 d6 3. g3 g6 4. Bg2 Bg7 5. d3 Nc6 6. Be3 e6 7. Qd2 Nge7 8. Bh6 O-O 9. h4 a6 10. h5 b5 11. Bxg7 Kxg7 12. hxg6 fxg6 13. Qh6+ Kf7 14.
Qxh7+ Ke8 15. Nf3 Bb7 16. Nh4 Nd4 17. O-O-O b4 18. Nxg6 Rxf2 19. Rd2 Rxd2 20. Kxd2 bxc3+ 21. bxc3 Ndc6 22. Qg7 Kd7 23. Rh8 Qc7 24. Nf8+ Kc8 25. Nxe6+ Kd7 26. Nxc7 Kxc7 27. Rxa8 Bxa8 28. g4 Bb7 29. g5 Bc8 30. g6 Bg4 31. Qf7 1-0

[Event "Betsys MČR v online bleskovém šachu 2021"]
[Site "Chess.com"]
[Date "2021.04.17"]
[Round "6"]
[White "Simaril76"]
[Black "sharpi5135"]
[Result "1-0"]
[WhiteElo "712"]
[BlackElo "759"]
[TimeControl "180+1"]
[EndTime "9:57:32 PDT"]
[Termination "Uživatel Simaril76 zvítězil na čas"]

1. b3 g6 2. e3 Bg7 3. Nc3 Nf6 4. Bb2 Nh5 5. f4 e6 6. Nf3 Nc6 7. g3 O-O 8. Qe2 Nf6 9. O-O-O Ng4 10. Nd4 Nxd4 11. exd4 Nf6 12. g4 d5 13. g5 Nd7 14.
Bg2 b6 15. h4 c6 16. h5 Bxd4 17. hxg6 fxg6 18. Rh4 Nc5 19. Rdh1 Rf7 20. d3 Qe7 21. f5 exf5 22. Rxd4 Qxe2 23. Nxe2 Ne6 24. Rdh4 Nxg5 25.
Nd4 Bb7 26. Bc3 Re8 27. Nf3 Nxf3 28. Bxf3 Ree7 29. Rd1 Kf8 30. Rhh1 h5 31. Rde1 Ba6 32. Rxe7 Rxe7 33. d4 1-0

[Event "Betsys MČR v online bleskovém šachu 2021"]
[Site "Chess.com"]
[Date "2021.04.17"]
[Round "6"]
[White "Lipican"]
[Black "Nimrod64"]
[Result "1-0"]
[WhiteElo "2104"]
[BlackElo "2261"]
[TimeControl "180+1"]
[EndTime "9:57:34 PDT"]
[Termination "Uživatel Lipican zvítězil na čas"]

1. d4 d5 2. Nf3 Nf6 3. c4 e6 4. g3 Nbd7 5. Qc2 c6 6. Bg2 Be7 7.
Nbd2 O-O 8. O-O b6 9. e4 a5 10. Rd1 Ba6 11. b3 Rc8 12. Bb2 h6 13. Rac1 Nb8 14.
Qb1 Bb4 15. a3 Bxd2 16. Nxd2 Qe7 17. Re1 Qa7 18. h3 Rfd8 19. e5 Nfd7 20. cxd5 cxd5 21. Nf1 Nc6 22. Ne3 Ne7 23. g4 Ng6 24. Rxc8 Rxc8 25. Rc1 Rxc1+ 26. Qxc1 Nf4 27. Qc6 Kh7 28. Qd6 g5 29.
Qe7 Kg7 30. Kh2 Qc7 31. Kg3 Qc8 32. h4 Ng6 33. Qd6 Nxh4 34. Bxd5 exd5 35. Nxd5 Ng6 36. Nc7 Ndf8 37. d5 Kh7 38. e6 fxe6 39. dxe6 Bb7 40.
e7 Kg8 41. e8=Q 1-0

[Event "Betsys MČR v online bleskovém šachu 2021"]
[Site "Chess.com"]
[Date "2021.04.17"]
[Round "6"]
[White "l_pavlasek"]
[Black "Gicko13"]
[Result "0-1"]
[WhiteElo "1683"]
[BlackElo "2032"]
[TimeControl "180+1"]
[EndTime "9:57:34 PDT"]
[Termination "Uživatel Gicko13 zvítězil na čas"]

1. e4 c5 2. Nf3 d6 3. d4 cxd4 4. Nxd4 Nf6 5. Nc3 g6 6. Be3 Bg7 7. Bc4 O-O 8. O-O Nc6 9. Qd2 Ng4 10. Nxc6 bxc6 11. Be2 Nxe3 12. Qxe3 Be6 13. a3 Qb6 14. Qxb6 axb6 15. Rab1 b5 16. Nd1 Ra4 17. Bf3 b4 18. axb4 Rxb4 19. b3 Rfb8 20. Ne3 Bd4 21. Nd1 Be5 22. Ne3 h5 23. h3 Kg7 24. Rbd1 Ra8 25.
Rb1 Ra2 26. c4 Bf4 27. Rfe1 Bxe3 28. Rxe3 Ra3 29. e5 c5 30. exd6 exd6 31. Bd5 Bxd5 32. cxd5 c4 33. Rc1 cxb3 34. Rxb3 Raxb3 35. Rc6 Rb6 0-1

[Event "Betsys MČR v online bleskovém šachu 2021"]
[Site "Chess.com"]
[Date "2021.04.17"]
[Round "6"]
[White "PremetFugas"]
[Black "trosecnik"]
[Result "1-0"]
[WhiteElo "2134"]
[BlackElo "1838"]
[TimeControl "180+1"]
[EndTime "9:57:35 PDT"]
[Termination "Uživatel PremetFugas zvítězil na čas"]

1. c4 e5 2. Nc3 Nf6 3. Nf3 Nc6 4. e4 Bb4 5. d3 O-O 6. Be2 d6 7.
h3 Nd4 8. a3 Bxc3+ 9. bxc3 Nxf3+ 10. Bxf3 Re8 11. O-O Bd7 12. Re1 Bc6 13. Be3 Qd7 14. a4 b6 15. a5 bxa5 16. Rxa5 a6 17.
Qa1 Bb7 18. Rb1 c5 19. Bd1 Ra7 20. Rb6 Qc7 21. Rb2 Rb8 22. Ra3 Bc8 23. Rab3 Rab7 24. Qb1 Rxb3 25. Rxb3 Rxb3 26. Qxb3 a5 27. Kh2 Nd7 28.
Qb5 Kf8 29. f3 Ke7 30. Ba4 Qb6 31. Bg5+ f6 32. Be3 g6 33. g3 Qxb5 34. cxb5 Nb6 35. Bb3 a4 36. Ba2 Be6 37. c4 Kd8 38. Bd2 Kc7 39.
Ba5 f5 40. Kg2 fxe4 41. fxe4 h5 42. Bb1 g5 43. Bd2 1-0